 Dungeon Crawl Stone Soup version 0.31-a0-549-gf98fd537a9 (webtiles) character file.

Game seed: 16691910548021758065

1187 Ethylacetat the Insei (level 8, -9/48 HPs)
             Began as an Octopode Gladiator on Aug 16, 2023.
             Engulfed by a steam dragon's steam (10 damage)
             ... on level 6 of the Dungeon.
             The game lasted 00:08:14 (5324 turns).

Ethylacetat the Insei (Octopode Gladiator)          Turns: 5324, Time: 00:08:15

Health: -9/48      AC:  1    Str: 13    XL:     8   Next: 43%
Magic:  8/8        EV: 15    Int: 11    God:
Gold:   205        SH:  0    Dex: 15    Spells: 7/7 levels left

rFire   . .          .
                       - Unarmed
rCold   . . .        (shield currently unavailable)
rNeg    . . .        a - +0 hat
rPois   .            B - amulet of the acrobat
rElec   .            (no ring)
rCorr   .            (no ring)
SInv    .            (no ring)
Will    .....        (no ring)
Stlth   +            (no ring)
HPRegen 0.28/turn    (no ring)
MPRegen 0.11/turn    (no ring)
                     (no ring)

%: acrobat
@: flux-form, glowing
A: glow, contaminating, reduced hp, almost no armour, amphibious, 8 rings,
camouflage 1, gelatinous body 1, (nimble swimmer 1), tentacles
a: Begin Untransformation


You were on level 6 of the Dungeon.
You were something dangerously unstable.
You visited 1 branch of the dungeon, and saw 6 of its levels.

You collected 205 gold pieces.

Inventory:

Missiles
 b - 3 throwing nets
 c - a javelin
 m - 8 poisoned darts (quivered)
Armour
 a - a +0 hat (worn)
Jewellery
 B - an amulet of the acrobat (around mantle)
Talismans
 l - a flux talisman (active)
 y - a serpent talisman
Wands
 v - a wand of flame (31)
 E - a wand of iceblast (11)
Scrolls
 d - 4 scrolls of teleportation {unknown}
 h - 2 scrolls of amnesia {unknown}
 k - a scroll of immolation
 n - a scroll of fog {unknown}
 p - 5 scrolls of identify {unknown}
 q - 2 scrolls of enchant armour {unknown}
 r - 2 scrolls of revelation {unknown}
 s - 2 scrolls of fear {unknown}
 t - a scroll of enchant weapon {unknown}
 u - 2 scrolls of noise {unknown}
 w - a scroll of butterflies {unknown}
 z - a scroll of torment {unknown}
 A - a scroll of acquirement {unknown}
 D - a scroll of blinking {unknown}
Potions
 e - 2 potions of degeneration {unknown}
 f - 2 potions of curing
 g - a potion of haste {unknown}
 i - 2 potions of mutation {unknown}
 j - a potion of heal wounds {unknown}
 o - a potion of might {unknown}
 x - a potion of brilliance {unknown}
 C - a potion of lignification {unknown}


   Skills:
 + Level 5.0 Fighting
 - Level 2.0 Throwing
 - Level 5.0 Dodging
 + Level 5.4 Unarmed Combat
 * Level 4.8 Shapeshifting


You had 7 spell levels left.
You didn't know any spells.
Your spell library contained the following spells:

 Spells                   Type           Power      Damage    Failure   Level
 Sublimation of Blood     Necr           0%         N/A       47%         2
 Wereblood                Tmut           0%         N/A       47%         2
 Summon Hydra             Summ           0%         N/A       100%        7


Dungeon Overview and Level Annotations

Branches:
Dungeon (6/15)
 Temple: D:4-7

Altars:
Elyvilon
Makhleb
Okawaru

Annotations:
D:2 1 runed translucent door, Crazy Yiuf


Innate Abilities, Weirdness & Mutations

You are something dangerously unstable.
You glow with magical radiation, making you easy to see and hit.
Foes you strike become dangerously contaminated with magical radiation.
Your maximum health is decreased, since you lack skill for your form.
You are incapable of wielding weapons or throwing items.
You cannot wear most types of armour.
You are amphibious.
You can wear up to eight rings at the same time.
Your skin changes colour to match your surroundings (Stealth+).
Your rubbery body absorbs attacks. (AC +1, EV +1)
((You are camouflaged when in or above water. (Stealth+)))
You have tentacles for arms and can constrict up to eight enemies at once.


Message History

Found an escape hatch in the ceiling.
The adder hisses angrily.
The adder completely misses you. x2
You barely miss the adder. You grab the adder. You constrict the adder.
The adder barely misses you.
You barely miss the adder. You squeeze the adder.
The adder is severely wounded.
You constrict the adder. The adder barely misses you.
You tentacle-slap the adder but do no damage.
The adder begins to glow.
The adder is almost dead.
You constrict the adder.
You kill the adder!
A steam dragon comes into view.
Found a spear.
You hear the slow rusting of a drain very nearby.
The steam dragon hisses angrily.
You tentacle-slap the steam dragon but do no damage.
The steam dragon begins to glow.
You squeeze the steam dragon, but do no damage.
You tentacle-slap the steam dragon but do no damage.
The steam dragon glows dangerously bright.
The steam dragon bites you! The steam dragon misses you.
You tentacle-slap the steam dragon.
The steam dragon shudders as magic cascades through it!
The steam dragon twists and deforms.
The steam dragon is heavily wounded.
The steam dragon breathes steam at you. The ball of steam hits you!!
You tentacle-slap the steam dragon.
The steam dragon begins to glow.
The steam dragon is heavily wounded.
You are engulfed in a cloud of scalding steam.
The steam dragon breathes steam at you. The ball of steam hits you!
* * * LOW HITPOINT WARNING * * *
You tentacle-slap the steam dragon.
The steam dragon glows dangerously bright.
The steam dragon is heavily wounded.
You are engulfed in a cloud of scalding steam.
You die...

.# #.# ### ..#
..# .#.# #.# #
#.#.# #.#####.#
..#.# #.##§BD.#
###.#
#....##.)....
....# # #.##.#
##### ###.# #.
#.##.# # #.#
#<###.####
###'####.......#
##.....###†..#.#
##.....###.###.#
##$....#.#.# #.#


You could see a steam dragon (heavy contam, catching breath, misshapen).

Vanquished Creatures
  Sigmund (D:2)
  Edmund (D:4)
  A black bear (D:5)
  An ice beast (D:5)
  2 ogres
  The ghost of u553311 the Insei, an amateur OpSh (D:3)
  A scorpion (D:6)
  A jelly (D:4)
  2 orc priests (D:5)
  2 hounds
  3 orc wizards
  Terence (D:2)
  4 gnolls (D:4)
  3 adders
  A white imp (D:5)
  An ufetubus (D:6)
  4 worms
  5 dart slugs
  7 orcs
  10 ball pythons
  8 endoplasms
  2 giant cockroaches
  10 goblins
  10 hobgoblins
  4 quokkas
  5 bats
  3 frilled lizards
  4 kobolds
  4 rats
102 creatures vanquished.

Notes
Turn   | Place    | Note
-------+----------+-------------------------------------------
     0 | D:1      | Ethylacetat the Octopode Gladiator began the quest for the
                  | Orb.
     0 | D:1      | Reached XP level 1. HP: 14/14 MP: 1/1
   123 | D:1      | Reached XP level 2. HP: 10/19 MP: 2/2
   300 | D:1      | Found a faded altar of an unknown god.
   522 | D:1      | Reached XP level 3. HP: 25/25 MP: 3/3
  1065 | D:2      | Noticed Terence
  1072 | D:2      | Killed Terence
  1186 | D:2      | Found a white marble altar of Elyvilon.
  1268 | D:2      | Reached XP level 4. HP: 28/30 MP: 4/4
  1341 | D:2      | Reached skill level 1 in Shapeshifting
  1432 | D:2      | Noticed Sigmund
  1440 | D:2      | Killed Sigmund
  1441 | D:2      | Reached XP level 5. HP: 22/36 MP: 5/5
  1544 | D:2      | Found a runed translucent door.
  1545 | D:2      | Noticed Crazy Yiuf
  1590 | D:2      | Reached XP level 6. HP: 40/42 MP: 6/6
  2030 | D:3      | Found a burning altar of Makhleb.
  2044 | D:3      | Found an iron altar of Okawaru.
  2794 | D:3      | Found a runed translucent door.
  2794 | D:3      | Noticed u553311's ghost (amateur OpSh)
  2854 | D:3      | Killed u553311's ghost
  3122 | D:4      | Reached XP level 7. HP: 24/47 MP: 7/7
  3416 | D:4      | Noticed Edmund
  3424 | D:4      | Killed Edmund
  4189 | D:5      | Entered Level 5 of the Dungeon
  4686 | D:5      | Reached skill level 5 in Dodging
  4686 | D:5      | Reached skill level 5 in Unarmed Combat
  4686 | D:5      | Reached XP level 8. HP: 32/54 MP: 8/8
  5181 | D:6      | Identified the -1 buckler of Autotheism {rF+ rC+}
  5204 | D:6      | Reached skill level 5 in Fighting
  5323 | D:6      | HP: 1/48 [steam dragon/ball of steam (17)]
  5324 | D:6      | Engulfed by a steam dragon's steam

Illustrated notes

Levels and vault maps discovered:
D:1:      ldierk_walled_garden, layout_basic, hellmonk_ecumenical_altar_blasted,
          nicolae_houndstooth_variations
D:2:      layout_loops_ring, basic_altar, uniq_sigmund, uniq_crazy_yiuf_cottage,
          uniq_terence
D:3:      layout_loops_corners, mainiacjoe_overflow_swirl, gammafunk_ghost_grave
D:4:      layout_loops_corners, minmay_circle_x, uniq_edmund
D:5:      layout_loops_corners
D:6:      layout_basic, minitemple, overflow_temple_1_default,
          gup_sewer_entry_pipe, st_stairs_10

Skill      XL: |  1  2  3  4  5  6  7  8 |
---------------+-------------------------+-----
Shapeshifting  | 2 3 4 |  4.8
Fighting       | 3 4 5 |  5.0
Dodging        | 4 5 |  5.0
Unarmed Combat | 4 5 |  5.4
Throwing       | |  2.0

Action                     |  1- 3 |  4- 6 |  7- 9 || total
---------------------------+-------+-------+-------++-------
  Melee: Unarmed           |    60 |    88 |   111 ||   259
         Constrict         |    19 |    17 |    29 ||    65
         Tentacles         |    14 |    21 |    25 ||    60
         Punch             |     1 |       |       ||     1
  Throw: Dart              |     2 |       |       ||     2
  Evoke: Wand              |       |       |     2 ||     2
    Use: Potion            |       |     1 |       ||     1
   Stab: Sleeping          |     6 |     8 |       ||    14
         Distracted        |       |       |     1 ||     1
 Armour: Skin              |     4 |     7 |     5 ||    16
  Dodge: Dodged            |    27 |    50 |    79 ||   156
   Form: Flux              |       |     1 |       ||     1

Table legend: (Time is in decaauts)
 A = Elapsed time spent in this place.
 B = Non-inter-level travel time spent in this place.
 C = Inter-level travel time spent in this place.
 D = Time resting spent in this place.
 E = Time spent auto-exploring this place.
 F = Levels seen in this place.
 G = Mean time per level.
                   A        B        C        D        E       F      G
               +--------+--------+--------+--------+--------+-----+--------+
         Total |   5301 |   4970 |    331 |    199 |   3927 |   6 |  883.5 |
       Dungeon |   5301 |   4970 |    331 |    199 |   3927 |   6 |  883.5 |
               +--------+--------+--------+--------+--------+-----+--------+

Top non-repeatable levels by time:
     D:4: 1217 daAuts
     D:1: 1062 daAuts
     D:5: 973 daAuts
     D:3: 953 daAuts
     D:2: 940 daAuts
     D:6: 155 daAuts
